 Dungeon Crawl Stone Soup version 0.31-a0-229-g1fc7ce93e2 (webtiles) character file.

Game seed: 13256215454168493561

81 qw the Shooter (level 4, -2/26 HPs)
             Began as a Gargoyle Hexslinger on July 6, 2023.
             Slain by a goblin
             ... wielding a +0 club
             ... led by Robin
              (4 damage)
             ... on level 3 of the Dungeon.
             The game lasted 00:00:36 (1190 turns).

qw the Shooter (Gargoyle Hexslinger)                Turns: 1190, Time: 00:00:36

Health: -2/26      AC:  5    Str: 12    XL:     4   Next: 42%
Magic:  5/5        EV: 12    Int: 13    God:
Gold:   131        SH:  0    Dex: 14    Spells: 4/5 levels left

rFire   . . .        Y - +0 longbow (chaos)
rCold   . . .        (shield currently unavailable)
rNeg    + . .        c - +0 robe
rPois   inf          (no helmet)
rElec   +            (no cloak)
rCorr   .            (no gloves)
SInv    .            (no boots)
Will    .....        (no amulet)
Stlth   +            (no ring)
HPRegen 0.24/turn    (no ring)
MPRegen 0.09/turn

%: no passive effects
@: no status effects
A: sickness immunity, AC +3, negative energy resistance 1, electricity
resistance, torment resistance 1, petrification resistance
a: no special abilities


You were on level 3 of the Dungeon.
You visited 1 branch of the dungeon, and saw 3 of its levels.

You collected 131 gold pieces.


Innate Abilities, Weirdness & Mutations

You are immune to sickness and miasma.
Your stone body is resilient. (AC +3)
You are immune to poison.
You resist negative energy. (rN+)
You are resistant to electric shocks. (rElec)
You are resistant to unholy torment.
You are immune to petrification.


   Skills:
 - Level 2.0 Fighting
 + Level 4.2 Ranged Weapons
 - Level 1.5 Dodging
 - Level 1.0 Spellcasting
 - Level 2.6 Hexes


You had 4 spell levels left.
You knew the following spells:

 Your Spells              Type           Power      Damage    Failure   Level
a - Slow                  Hex            28%        N/A       10%         1

Your spell library contained the following spells:

 Spells                   Type           Power      Damage    Failure   Level
 Inner Flame              Hex/Fire       4%         N/A       43%         3
 Portal Projectile        Hex/Tloc       8%         N/A       43%         3
 Cause Fear               Hex            3%         N/A       67%         4

Inventory:

Hand Weapons
 Y - a +0 longbow of chaos (weapon)
Armour
 c - a +0 robe (worn)
Scrolls
 f - a scroll of identify
Potions
 d - a potion of haste {unknown}
 g - a potion of curing {unknown}

Dungeon Overview and Level Annotations

Branches:
Dungeon (3/15)

Altars:

Annotations:
D:3 Robin


Message History

You kill the goblin!
The goblin shoots a sling bullet.
The sling bullet closely misses you.
The goblin shoots a sling bullet.
The sling bullet hits you. Robin throws the goblin at you!
The goblin shoots a sling bullet.
The sling bullet barely misses you.
The goblin shoots a sling bullet.
The sling bullet closely misses you.
The sling bullet closely misses the goblin.
You shoot an arrow. The arrow closely misses the goblin.
Robin throws the goblin at you! The goblin hits you but does no damage.
The goblin hits you with a +0 dagger. The goblin hits you but does no damage.
The goblin closely misses you.
You shoot an arrow. The arrow barely misses the goblin.
The arrow hits the goblin!
The arrow freezes the goblin.
You kill the goblin!
The goblin barely misses you. The goblin closely misses you.
You shoot an arrow. The arrow closely misses the goblin.
The arrow hits the goblin!
The arrow burns the goblin.
You kill the goblin!
The goblin no longer looks unusually strong.
The goblin hits you but does no damage. The goblin closely misses you.
The goblin hits you with a +0 dagger. The goblin barely misses you.
You shoot an arrow.
The arrow hits the goblin but does no damage.
The goblin is poisoned.
The goblin completely misses you. The goblin barely misses you.
You shoot an arrow. The arrow barely misses the goblin.
The arrow hits the goblin.
You kill the goblin!
The goblin no longer looks unusually strong.
The goblin barely misses you. The goblin hits you with a +0 dagger.
The goblin hits you but does no damage. The goblin barely misses you.
You shoot an arrow. The arrow hits the goblin.
You kill the goblin!
The goblin hits you but does no damage.
Robin says, "A pitiful Gargoyle like you will never find the ORB!"
Robin roars a battlecry!
The goblin goes into a battle-frenzy!
You shoot an arrow. The arrow closely misses the goblin.
The goblin barely misses you. x2; The goblin hits you with a +0 club.
You die...

..)....###..##.# #.#
<.##....##..##.###.#
#.##.....#.........#
#.##....##.###)#####
#.##.......# #.#
..####.##### #.# ###
#.# #.# #+#
#.####### #.g@g)..#
#####g...... .#.###.
g# # .# gg g.


gg You could see Robin and 2 goblins.

Vanquished Creatures
  2 adders (D:2)
  A worm (D:2)
  2 dart slugs (D:1)
  9 endoplasms
  3 giant cockroaches (D:1)
  14 goblins
  6 hobgoblins
  4 jackals (D:1)
  A kobold (D:1)
  A quokka (D:2)
  2 ball pythons
  3 frilled lizards (D:1)
  2 rats (D:2)
50 creatures vanquished.

Notes
Turn   | Place    | Note
-------+----------+-------------------------------------------
     0 | D:1      | qw the Gargoyle Hexslinger began the quest for the Orb.
     0 | D:1      | Reached XP level 1. HP: 12/12 MP: 2/2
     0 | D:1      | 0 ||| qw: Version: 0.3-a-46-gb1f654a
     0 | D:1      | 0 ||| qw: Game counter: 1362
     0 | D:1      | 0 ||| qw: Melee chars always use a shield: true
     0 | D:1      | 0 ||| qw: God list: Okawaru
     0 | D:1      | 0 ||| qw: Allow faded altars: false
     0 | D:1      | 0 ||| qw: Do Orc after clearing Dungeon:15 true
     0 | D:1      | 0 ||| qw: Do second Lair branch before Depths: true
     0 | D:1      | 0 ||| qw: Lair rune preference: random
     0 | D:1      | 0 ||| qw: Goals: Normal
     0 | D:1      | 0 ||| PLANNING D:1-11
    46 | D:1      | Reached XP level 2. HP: 14/16 MP: 3/3
    76 | D:1      | Reached skill level 3 in Ranged Weapons
   140 | D:1      | 140 ||| READING scroll labelled NIKOJ PEDIARI.
   187 | D:1      | 187 ||| READING scroll labelled ZYCZOSM JIELA.
   188 | D:1      | 188 ||| READING scroll labelled MEBAASCHEERU.
   189 | D:1      | 189 ||| DROPPING scroll of poison.
   306 | D:1      | Reached XP level 3. HP: 21/21 MP: 4/4
   745 | D:1      | 745 ||| READING scroll labelled SYDWUSM GYPA.
   746 | D:1      | 746 ||| READING scroll labelled TIUZOB OTTY.
   762 | D:2      | 762 ||| SWAPPING to +0 longbow.
   771 | D:2      | 771 ||| DROPPING +1 sling.
   872 | D:2      | Reached XP level 4. HP: 25/26 MP: 5/5
   889 | D:2      | Reached skill level 4 in Ranged Weapons
  1065 | D:2      | 1065 ||| READING scroll labelled ANKOKY MIOHO.
  1066 | D:2      | 1066 ||| READING scroll labelled OGIBAO HENI.
  1067 | D:2      | 1067 ||| DRINKING 2 lumpy white potions.
  1068 | D:2      | 1068 ||| DROPPING potion of brilliance.
  1170 | D:3      | 1170 ||| Stepping ~*~*~tactically~*~*~ (outnumbered).
  1171 | D:3      | Noticed Robin
  1173 | D:3      | 1173 ||| Stepping ~*~*~tactically~*~*~ (outnumbered).
  1184 | D:3      | HP: 6/26 [Robin/goblin (2)]
  1186 | D:3      | HP: 2/26 [goblin/+0 dagger[Robin] (3)]
  1190 | D:3      | Slain by a goblin

Levels and vault maps discovered:
D:1:      saegor_arrival_miasma, layout_rooms, hangedman_glass_teeth,
          bh_walls_and_bars
D:2:      layout_basic
D:3:      layout_loops_corners, basic_ecumenical_altar, uniq_robin

Skill      XL: |  1  2  3  4 |
---------------+-------------+-----
Ranged Weapons | 3 4 |  4.2
Fighting       | 2 |  2.0
Dodging        | |  1.5
Spellcasting   | |  1.0
Hexes          | |  2.6

Action                     |  1- 3 |  4- 6 || total
---------------------------+-------+-------++-------
   Fire: Sling             |    75 |       ||    75
         Longbow           |    29 |    34 ||    63
    Use: Scroll            |     5 |     2 ||     7
         Potion            |       |     1 ||     1
 Armour: Robe              |    21 |    21 ||    42
  Dodge: Dodged            |    32 |    36 ||    68

Table legend:
 A = Non-vault XP
 B = Vault XP
 C = Vault XP percentage of total XP
 D = Non-vault monster count
 E = Vault monster count
 F = Vault count percentage of total count
                 A         B        C        D         E       F
            +---------+---------+-------+---------+---------+-------
      Total |     103 |      14 |  12.0 |      41 |       9 |  18.0
            +---------+---------+-------+---------+---------+-------
        D:1 |      50 |       0 |   0.0 |      25 |       0 |   0.0
        D:2 |      49 |       0 |   0.0 |      14 |       0 |   0.0
        D:3 |       4 |      14 |  77.8 |       2 |       9 |  81.8
            +---------+---------+-------+---------+---------+-------
